 Seeded DCSS version 0.29.1-15-g9cfb28693d (webtiles) character file.

Game seed: 5852750519012672489 (custom seed)

494 Twinkles the Sneak (level 7, -3/36 HPs)
             Began as a Vine Stalker Brigand on June 6, 2023.
             Was a Believer of Kikubaaqudgha.
             Slain by an ogre
             ... wielding a +0 giant club
              (26 damage)
             ... on level 5 of the Dungeon.
             The game lasted 00:08:34 (4145 turns).

Twinkles the Sneak (Vine Stalker Brigand)           Turns: 4145, Time: 00:08:34

Health: -3/36      AC:  7    Str: 15    XL:     7   Next: 15%
Magic:  0/8        EV: 10    Int: 11    God:    Kikubaaqudgha [**....]
Gold:   214        SH:  0    Dex: 16    Spells: 6/6 levels left

rFire   . . .      SeeInvis .   a - +2 dagger
rCold   . . .      Faith    .   (no shield)
rNeg    . . .      Spirit   +   j - +0 scale mail
rPois   .          Reflect  .   (no helmet)
rElec   .          Harm     .   c - +0 cloak
rCorr   .          Rampage  .   (no gloves)
Will    .....                   (no boots)
Stlth   ++........              (no amulet)
HPRegen 0.92/turn               (no ring)
MPRegen 0.11/turn               (no ring)

@: no status effects
A: fangs 2, regeneration 1, magic shield, antimagic bite, no potion heal 2
a: Renounce Religion, Unearth Wretches


You were on level 5 of the Dungeon.
You worshipped Kikubaaqudgha.
Kikubaaqudgha was pleased with you.
You visited 1 branch of the dungeon, and saw 5 of its levels.
You also visited: Sewer.

You collected 214 gold pieces.

Inventory:

Hand Weapons
 a - a +2 dagger (weapon)
Missiles
 d - 7 poisoned darts (quivered)
 e - 3 curare-tipped darts
Armour
 b - a +0 robe
 c - a +0 cloak (worn)
 f - a +0 leather armour
 j - a +0 scale mail (worn)
 v - a +1 chain mail of fire resistance
Wands
 s - a wand of roots (14)
Scrolls
 g - a scroll of magic mapping {unknown}
 h - 2 scrolls of poison {unknown}
 i - a scroll of vulnerability {unknown}
 k - 2 scrolls of noise {unknown}
 l - 2 scrolls of identify {unknown}
 m - 2 scrolls of fog {unknown}
 t - 3 scrolls of silence {unknown}
 x - a scroll of enchant weapon {unknown}
 y - a scroll of torment {unknown}
Potions
 n - 5 potions of curing {unknown}
 o - 2 potions of brilliance {unknown}
 p - 3 potions of might {unknown}
 q - 3 potions of heal wounds {unknown}
 r - a potion of cancellation {unknown}
 u - 2 potions of berserk rage
 w - a potion of resistance {unknown}


   Skills:
 + Level 3.6 Fighting
 + Level 3.7 Short Blades
 - Level 2.0 Throwing
 + Level 2.9 Dodging
 - Level 5.0 Stealth
 + Level 3.0 Necromancy


You had 6 spell levels left.
You didn't know any spells.
Your spell library contained the following spells:

 Spells                   Type           Power      Damage    Failure   Level
 Necrotise                Necr           24%        1d5       41%         1
 Vampiric Draining        Necr           6%         2d6       78%         3
 Animate Dead             Necr           6%         N/A       99%         4
 Anguish                  Hex/Necr       1%         N/A       100%        4


Dungeon Overview and Level Annotations

Branches:
Dungeon (5/15)              Sewer (visited)
 Temple: D:4-7

Altars:
Kikubaaqudgha

Annotations:
D:3 Ijyb


Innate Abilities, Weirdness & Mutations

You have extremely sharp teeth.
Your natural rate of healing is unusually fast.
When hurt, damage is shared between your health and your magic reserves.
Your bite disrupts and absorbs the magic of your enemies.
Potions cannot restore your health.


Message History

You climb downwards.
The black bear bites you.
The black bear claws you but does no damage. x2
There is a stone staircase leading up, spattered with blood here.
You hit the black bear.
The black bear is severely wounded.
The black bear bites you but does no damage.
The black bear claws you but does no damage.
The black bear misses you.
You hit the black bear. Your bite misses the black bear.
The black bear is almost dead.
You hit the black bear but do no damage.
You bite the black bear, but do no damage.
The black bear is almost dead.
The black bear bites you but does no damage.
The black bear claws you. The black bear closely misses you.
You hit the black bear but do no damage.
Your bite misses the black bear.
The black bear is almost dead.
You kill the black bear!
Kikubaaqudgha accepts your kill.
Your Necromancy skill increases to level 3!
You have reached level 7!
HP restored.
Magic restored.
d - 6 poisoned darts (gained 1);
e - 3 curare-tipped darts (gained 1)
d - 7 poisoned darts (gained 1)
An ogre comes into view. It is wielding a +0 giant club.
Found a dagger.
The ogre hits you with a +0 giant club!
You see here 2 poisoned darts.
You hit the ogre.
The ogre is lightly wounded.
You hit the ogre. You bite the ogre. You drain its power.
You feel invigorated.
The ogre is moderately wounded.
The ogre hits you with a +0 giant club!
You hit the ogre.
The ogre is heavily wounded.
The ogre hits you with a +0 giant club!!
Ouch! That really hurt!
You die...
Kikubaaqudgha rasps: "You have failed me!
Welcome... death!"

#..........# #..........#
#..........# #..........#
#### #..........###### #...
#...............# #...
#...............# #...
#...............# #...
#.....#####@....#########...
#..... #.O...#.......#...
+..... #.....#.......#...
#..... #.....#.......#...
... #.....#.......#...
#.....#.......#...
#.....#.......#...
#)....#.......'...
#....)))#...


You could see an ogre.

Vanquished Creatures
  A black bear (D:5)
  Pargi (Sewer)
  2 hounds (D:4)
  Terence (D:3)
  Robin (D:3)
  3 gnolls (D:3)
  7 adders
  A river rat (D:4)
  4 worms
  2 dart slugs
  11 orcs
  6 ball pythons
  10 bats
  10 endoplasms
  3 giant cockroaches
  13 goblins
  4 hobgoblins
  4 kobolds
  2 quokkas
  2 frilled lizards (D:2)
  8 rats
96 creatures vanquished.

Notes
Turn   | Place    | Note
-------+----------+-------------------------------------------
     0 | D:1      | Twinkles the Vine Stalker Brigand began the quest for the
                  | Orb.
     0 | D:1      | Reached XP level 1. HP: 11/11 MP: 2/2
   679 | D:1      | Reached skill level 1 in Dodging
   679 | D:1      | Reached XP level 2. HP: 12/15 MP: 3/3
   732 | D:1      | Reached skill level 5 in Stealth
  1465 | D:2      | Found a faded altar of an unknown god.
  1467 | D:2      | Reached XP level 3. HP: 18/18 MP: 4/4
  1478 | D:2      | Prayed at the altar of an unknown god.
  1478 | D:2      | Became a worshipper of Kikubaaqudgha
  1478 | D:2      | Reached * piety under Kikubaaqudgha
  1478 | D:2      | Received a gift from Kikubaaqudgha
  2029 | D:2      | Gained mutation: Your natural rate of healing is unusually
                  | fast. [Vine Stalker growth]
  2029 | D:2      | Reached XP level 4. HP: 11/23 MP: 5/5
  2172 | D:2      | Reached skill level 1 in Necromancy
  2493 | D:3      | Noticed Terence
  2505 | D:3      | Killed Terence
  2563 | D:3      | Noticed Robin
  2595 | D:3      | Killed Robin
  2617 | D:3      | Reached ** piety under Kikubaaqudgha
  2618 | D:3      | Reached XP level 5. HP: 27/27 MP: 6/6
  2826 | D:3      | Noticed Ijyb
  3355 | D:4      | Reached XP level 6. HP: 20/32 MP: 7/7
  3448 | D:4      | Found a glowing drain.
  3452 | Sewer    | Entered a sewer
  3506 | Sewer    | Noticed Pargi
  3519 | Sewer    | Killed Pargi
  3968 | D:5      | Entered Level 5 of the Dungeon
  4075 | D:5      | Noticed a black bear
  4095 | D:5      | Killed a black bear
  4096 | D:5      | Reached XP level 7. HP: 35/36 MP: 5/8
  4145 | D:5      | Slain by an ogre

Illustrated notes

Levels and vault maps discovered:
D:1:      dpeg_arrival_rooms_a, layout_basic, serial_forest,
          infiniplex_forest_end_double, infiniplex_forest_end_2,
          infiniplex_forest_lined_2, infiniplex_forest_straight_4,
          infiniplex_forest_lined_room_2, infiniplex_forest_clump_small,
          infiniplex_forest_straight_5, infiniplex_forest_straight_5
D:2:      layout_loops_ring, chequers_ecumenical_altar_island,
          kennysheep_generic_room_6
D:3:      layout_basic, lemuel_zombie_altar_kikubaaqudgha, uniq_robin,
          uniq_terence, uniq_natasha, uniq_ijyb
D:4:      layout_cave_pools, gup_sewer_entry_spiral
D:5:      layout_gridville

Skill      XL: |  1  2  3  4  5  6 |
---------------+-------------------+-----
Dodging        | 1 2 |  2.9
Stealth        | 5 |  5.0
Throwing       | 2 |  2.0
Fighting       | 2 3 |  3.6
Short Blades   | 2 3 |  3.7
Necromancy     | 1 2 3 |  3.0

Action                   |  1- 3 |  4- 6 |  7- 9 || total
-------------------------+-------+-------+-------++-------
Melee: Dagger            |    89 |   259 |     3 ||   351
       Bite              |    19 |    78 |     1 ||    98
       Punch             |       |     2 |       ||     2
Throw: Dart              |       |    14 |       ||    14
 Stab: Sleeping          |     6 |     3 |       ||     9
Armor: Leather armour    |     9 |       |       ||     9
       Scale mail        |    23 |   102 |       ||   125
Dodge: Dodged            |    38 |   112 |       ||   150
